 Dungeon Crawl Stone Soup version 0.28-a0-1114-g8eb0198dcf (webtiles) character file.

Game seed: 7437268896642753753

67 Froggeryz the Cudgeller (level 4, 0/28 HPs)
             Began as a Gargoyle Cinder Acolyte on Dec 11, 2021.
             Was a High Priest of Ignis.
             Slain by a scorpion (4 damage)
             ... on level 3 of the Dungeon.
             The game lasted 00:02:07 (2706 turns).

Froggeryz the Cudgeller (Gargoyle Cinder Acolyte)   Turns: 2706, Time: 00:02:07

Health: 0/28       AC: 10    Str: 19    XL:     4   Next: 18%
Magic:  5/5        EV:  9    Int: 15    God:    Ignis [*****.]
Gold:   126        SH:  0    Dex:  5    Spells: 5/5 levels left

rFire   + + .      SeeInvis .   a - -1 mace (flame)
rCold   . . .      Faith    .   (no shield)
rNeg    + . .      Spirit   .   i - +0 scale mail
rPois   ∞          Reflect  .   (no helmet)
rElec   +          Harm     .   (no cloak)
rCorr   .          Rampage  .   k - +0 pair of gloves
Will    .....                   (no boots)
Stlth   ..........              (no amulet)
HPRegen 0.09/turn               c - ring of protection from fire
MPRegen 0.09/turn               (no ring)

@: attractive
A: sickness immunity, AC +3, negative energy resistance 1, electricity
resistance, torment resistance 1, petrification resistance
a: Renounce Religion, Fiery Armour, Foxfire Swarm, Rising Flame


You were on level 3 of the Dungeon.
You worshipped Ignis.
Ignis was extremely pleased with you.
You visited 1 branch of the dungeon, and saw 3 of its levels.

You collected 126 gold pieces.

Inventory:

Hand Weapons
 a - a -1 mace of flaming (weapon)
Missiles
 e - 2 throwing nets
 f - 4 boomerangs (quivered)
Armour
 i - a +0 scale mail (worn)
 k - a +0 pair of gloves (worn)
Jewellery
 c - a ring of protection from fire (left hand)
 j - a +6 ring of dexterity
Scrolls
 d - 3 scrolls of fog {unknown}
 h - 2 scrolls of identify
 l - a scroll of immolation {unknown}
Potions
 g - a potion of resistance


   Skills:
 - Level 3.2 Fighting
 * Level 4.7 Maces & Flails
 + Level 1.0 Armour
 - Level 1.0 Spellcasting
 - Level 3.0 Fire Magic


You had 5 spell levels left.
You didn't know any spells.
Your spell library contained the following spells:

 Spells                   Type           Power      Damage    Failure   Level
 Scorch                   Fire           18%        2d6       32%         2


Dungeon Overview and Level Annotations

Branches:
Dungeon (3/15)

Altars:

Shops:
D:2 ?


Innate Abilities, Weirdness & Mutations

You are immune to sickness and miasma.
Your stone body is resilient. (AC +3)
You are immune to poison.
You resist negative energy. (rN+)
You are resistant to electric shocks. (rElec)
You are resistant to unholy torment.
You are immune to petrification.


Message History

The scorpion closely misses you.
You hit the scorpion. You burn the scorpion.
The scorpion is lightly wounded.
The scorpion barely misses you.
The scorpion stings you but does no damage.
You hit the scorpion. You burn the scorpion.
The scorpion is moderately wounded.
The scorpion stings you but does no damage.
You barely miss the scorpion.
The scorpion is moderately wounded.
The scorpion misses you.
You hit the scorpion. You burn the scorpion.
The scorpion is heavily wounded.
The scorpion barely misses you. The scorpion stings you.
You hit the scorpion but do no damage.
The scorpion is heavily wounded.
The scorpion stings you.
You barely miss the scorpion.
The scorpion is heavily wounded.
The scorpion barely misses you.
You closely miss the scorpion.
The scorpion is heavily wounded.
The scorpion stings you but does no damage. x2
You closely miss the scorpion.
The scorpion is heavily wounded.
The scorpion stings you.
* * * LOW HITPOINT WARNING * * *
You barely miss the scorpion.
The scorpion is heavily wounded.
The scorpion stings you.
* * * LOW HITPOINT WARNING * * *
The scorpion closely misses you.
You hit the scorpion but do no damage.
The scorpion is heavily wounded.
The scorpion barely misses you.
Okay, then.
It was a potion of attraction.
You feel attractive to monsters. The scorpion stings you.
You die...

# ... # #.# #.# .# # #.#
#.# ?.# # #.# #.# ..# #
#.# #.#...#
#######.########.#...###
................)......
#######.########.#..####
# #.........@s...... #
##########........ #
#........ # ##.###### #
.# # .# $# .#


You could see a scorpion.

Vanquished Creatures
  An adder (D:2)
  A worm (D:2)
  4 dart slugs
  2 ball pythons (D:2)
  4 bats
  9 endoplasms
  A giant cockroach (D:1)
  7 goblins
  3 hobgoblins
  3 jackals (D:2)
  A kobold (D:3)
  2 quokkas
  3 rats
41 creatures vanquished.

Notes
Turn   | Place    | Note
-------+----------+-------------------------------------------
     0 | D:1      | Froggeryz the Gargoyle Cinder Acolyte began the quest for
                  | the Orb.
     0 | D:1      | Reached XP level 1. HP: 14/14 MP: 2/2
   394 | D:1      | Reached XP level 2. HP: 17/19 MP: 3/3
   819 | D:1      | Reached skill level 4 in Maces & Flails
   999 | D:2      | Reached XP level 3. HP: 23/23 MP: 4/4
  1478 | D:2      | Found Idihasia's Magic Scroll Boutique.
  1516 | D:2      | Found a faded altar of an unknown god.
  2284 | D:2      | Reached XP level 4. HP: 25/28 MP: 5/5
  2577 | D:3      | Reached skill level 1 in Armour
  2689 | D:3      | Noticed a scorpion
  2706 | D:3      | Slain by a scorpion

Illustrated notes

Levels and vault maps discovered:
D:1:      lightli_arrival_isolated_outpost, layout_basic
D:2:      layout_basic, hellmonk_ecumenical_altar_leap_of_faith, serial_shops,
          shop_statue
D:3:      layout_basic

Skill      XL: |  1  2  3  4 |
---------------+-------------+-----
Maces & Flails | 4 |  4.7
Armour         | 1 |  1.0
Fighting       | |  3.2
Spellcasting   | |  1.0
Fire Magic     | |  3.0

Action                   |  1- 3 |  4- 6 || total
-------------------------+-------+-------++-------
Melee: Mace              |   105 |    34 ||   139
Throw: Boomerang         |       |     1 ||     1
  Use: Scroll            |     4 |       ||     4
       Potion            |       |     1 ||     1
Armor: Robe              |    21 |       ||    21
       Scale mail        |    44 |    17 ||    61
Dodge: Dodged            |    66 |    13 ||    79

Table legend: (Time is in decaauts)
 A = Elapsed time spent in this place.
 B = Non-inter-level travel time spent in this place.
 C = Inter-level travel time spent in this place.
 D = Time resting spent in this place.
 E = Time spent auto-exploring this place.
 F = Levels seen in this place.
 G = Mean time per level.
                   A        B        C        D        E       F      G
               +--------+--------+--------+--------+--------+-----+--------+
         Total |   2736 |   2695 |     41 |    478 |   1859 |   3 |  912.0 |
       Dungeon |   2736 |   2695 |     41 |    478 |   1859 |   3 |  912.0 |
               +--------+--------+--------+--------+--------+-----+--------+

Top non-repeatable levels by time:
     D:2: 1464 daAuts
     D:1: 987 daAuts
     D:3: 285 daAuts
